 Dungeon Crawl Stone Soup version 0.29.1-13-g9f3cf754e1 (webtiles) character file.

Game seed: 8301437897286470833

112 Heoruswealwe the Grave Robber (level 4, 0/24 HPs)
             Began as a Deep Elf Necromancer on Feb 5, 2023.
             Slain by a fire elemental (1 damage)
             ... created by the fiery vengeance of Ignis
             ... on level 7 of the Dungeon.
             The game lasted 00:35:13 (2403 turns).

Heoruswealwe the Grave Robber (DENe)                Turns: 2403, Time: 00:35:14

Health: 0/24       AC:  3    Str:  4    XL:     4   Next: 63%
Magic:  12/12      EV: 12    Int: 26    God:
Gold:   44         SH:  0    Dex: 14    Spells: 8/12 levels left

rFire   . . .      SeeInvis .   z - +0 quarterstaff
rCold   . . .      Faith    .   (shield currently unavailable)
rNeg    . . .      Spirit   .   a - +0 robe
rPois   .          Reflect  .   (no helmet)
rElec   .          Harm     .   (no cloak)
rCorr   .          Rampage  .   C - +0 pair of gloves
Will    .....                   (no boots)
Stlth   ++........              l - amulet of regeneration
HPRegen 0.88/turn               (no ring)
MPRegen 0.13/turn               (no ring)

@: fire susceptible, unable to drink
A: clever 1, inability to drink after injury 1
a: no special abilities


You were on level 7 of the Dungeon.
You visited 1 branch of the dungeon, and saw 8 of its levels.

You collected 156 gold pieces.
You spent 112 gold pieces at shops.

Inventory:

Hand Weapons
 d - a +0 short sword
 g - a +0 dagger
 m - a +0 dagger
 n - a +0 dagger
 p - a +0 dagger
 q - a +0 club
 v - a +0 club
 z - a +0 quarterstaff (weapon)
 A - a +3 halberd
 D - a +0 club
 E - a +0 club
 F - a +0 club
 G - a +0 sling
 H - a +0 trident
 I - a +0 hand axe
 J - a +0 flail
 K - a +0 whip
 L - a +0 halberd
 M - a +0 club
 N - a +0 halberd
 P - a +0 hand axe
Missiles
 c - 36 stones
 h - 2 boomerangs
Armour
 a - a +0 robe (worn)
 k - a +0 leather armour
 r - a +0 robe
 x - a +0 robe
 y - a +0 chain mail
 C - a +0 pair of gloves (worn)
Jewellery
 l - an amulet of regeneration (around neck)
Scrolls
 e - 3 scrolls of immolation
 o - a scroll of amnesia {unknown}
 s - a scroll of fog {unknown}
 t - 3 scrolls of identify {unknown}
 u - a scroll of acquirement {unknown}
 O - a scroll of silence {unknown}
Potions
 b - a potion of magic
 f - 2 potions of brilliance {unknown}
 i - a potion of curing {unknown}
 j - a potion of flight {unknown}
 w - a potion of heal wounds {unknown}
 B - a potion of haste {unknown}
 Q - a potion of attraction {unknown}
 R - 2 potions of berserk rage {unknown}


   Skills:
 + Level 2.5 Dodging
 + Level 2.5 Stealth
 + Level 4.8 Spellcasting
 + Level 6.3 Necromancy


You had 8 spell levels left.
You knew the following spells:

 Your Spells              Type           Power      Damage    Failure   Level
a - Necrotise             Necr           100%       1d9       1%          1
b - Vampiric Draining     Necr           39%        2d8       1%          3

Your spell library contained the following spells:

 Spells                   Type           Power      Damage    Failure   Level
 Animate Dead             Necr           39%        N/A       6%          4
 Agony                    Necr           39%        N/A       16%         5
 Portal Projectile        Hex/Tloc       12%        N/A       24%         3
 Tukima's Dance           Hex            6%         N/A       24%         3
 Blade Hands              Tmut           3%         N/A       91%         5


Dungeon Overview and Level Annotations

Branches:
Dungeon (8/15)
 Temple: D:4-7         Lair: D:8-11

Altars:
Ru
Ignis

Shops:
D:2 !


Innate Abilities, Weirdness & Mutations

Your mind is acute. (Int +4, Str/Dex -1)
You occasionally lose the ability to drink potions when taking damage.


Message History

Found 3 stones.
Found an escape hatch in the ceiling.
Found a stone staircase leading up.
c - 36 stones (gained 3)
A white imp comes into view.
The white imp shouts!
The white imp grinds its teeth.
There is an escape hatch in the ceiling here.
Casting: Necrotise (safe; 1% risk of failure)
Confirm with . or Enter, or press ? or * to list all spells.
You can't see any susceptible monsters within range! (Use Z to cast anyway.)
Casting: Necrotise (safe; 1% risk of failure)
Confirm with . or Enter, or press ? or * to list all spells.
You can't see any susceptible monsters within range! (Use Z to cast anyway.)
The white imp gestures at you. The puff of frost hits you.
There is an escape hatch in the ceiling here.
The white imp gestures at you. The puff of frost misses you.
A mysterious force pulls you upwards. The hatch slams shut behind you.
A wight comes into view. It is wielding a +0 hand axe.
Found a scroll labelled JUUM CUERGHYIN.
Found 6 stones.
A sky beast comes into view.
You see here 6 stones.
Ignis calls forth spirits of fire to unmake you! 3 fire elementals come into view.
Found 12 gold pieces.
The fire elemental misses you. The fire elemental barely misses you.
The fire elemental completely misses you.
A hound comes into view.
The fire elemental barely misses you. The fire elemental hits you.
The fire elemental burns you! The fire elemental hits you.
The fire elemental burns you!
You feel threatened and lose the ability to drink potions!
Ouch! That really hurt!
* * * LOW HITPOINT WARNING * * *
The fire elemental hits you.
You die...

.##$ ..... #####
h....###...##
.......@E○..#
..##...EE#°.#
..#....○#°## ..
#.Y....°##
..##.#..z.##
...#......# .....#
........####
##.....#..#......#..##
.#....... #..........#


You could see 3 fire elementals, a sky beast (asleep), a hound (asleep) and a
wight.

Vanquished Creatures
  2 adders (D:2)
  4 gnolls (D:3)
  2 worms (D:2)
  2 dart slugs (D:1)
  4 orcs (D:3)
  A bat (D:2)
  An endoplasm (D:2)
  3 goblins
  3 jackals (D:2)
  2 kobolds (D:1)
  3 quokkas
  3 ball pythons
  A frilled lizard (D:2)
  4 rats
35 creatures vanquished.

Vanquished Creatures (collateral kills)
  An orc (D:3)
  2 giant cockroaches
  A goblin (D:3)
  A quokka (D:2)
5 creatures vanquished.

Grand Total: 40 creatures vanquished

Notes
Turn   | Place    | Note
-------+----------+-------------------------------------------
     0 | D:1      | Heoruswealwe the Deep Elf Necromancer began the quest for
                  | the Orb.
     0 | D:1      | Reached XP level 1. HP: 10/10 MP: 6/6
    29 | D:1      | Reached skill level 5 in Necromancy
   218 | D:1      | Reached XP level 2. HP: 9/15 MP: 6/8
   956 | D:2      | Found a faded altar of an unknown god.
   963 | D:2      | Reached XP level 3. HP: 19/19 MP: 5/9
  1089 | D:2      | Found a sacrificial altar of Ru.
  1510 | D:2      | Found Peada's Distillery.
  1538 | D:2      | Bought a potion of mutation for 112 gold pieces
  1793 | D:3      | Reached skill level 6 in Necromancy
  1795 | D:3      | Reached XP level 4. HP: 24/24 MP: 0/12
  1989 | D:2      | Became a worshipper of Ru the Awakened
  2003 | D:2      | Prayed at the altar of an unknown god.
  2003 | D:2      | Fell from the grace of Ru
  2003 | D:2      | Became a worshipper of Ignis, the Dying Flame
  2004 | D:2      | Fell from the grace of Ignis
  2006 | D:2      | Gained mutation: You occasionally lose the ability to drink
                  | potions when taking damage. [potion of mutation]
  2006 | D:2      | Gained mutation: Your mind is acute. (Int +4, Str/Dex -1)
                  | [potion of mutation]
  2058 | D:2      | Learned a level 3 spell: Vampiric Draining
  2262 | D:3      | You fall into a shaft and drop 2 floors!
  2262 | D:5      | Entered Level 5 of the Dungeon
  2302 | D:6      | Noticed a black bear
  2350 | D:5      | You fall into a shaft and drop 3 floors!
  2390 | D:7      | Noticed a sky beast
  2396 | D:7      | Noticed a fire elemental
  2396 | D:7      | Noticed a fire elemental
  2396 | D:7      | Noticed a fire elemental
  2403 | D:7      | HP: 1/24 [fire elemental[the fiery vengeance of Ignis]
                  | (13)]
  2403 | D:7      | Slain by a fire elemental

Illustrated notes

Levels and vault maps discovered:
D:1:      minmay_arrival_diagonal_passages, layout_loops_ring
D:2:      layout_basic, hellmonk_ecumenical_altar_blasted, basic_altar,
          serial_shops, shop_fountains
D:3:      layout_loops_ring, mainiacjoe_overflow_tiny_flanked
D:4:      layout_basic, serial_shops, shop, uniq_blork_the_orc
D:5:      layout_basic, minmay_misc_feat_tower, fountainhead
D:6:      layout_rooms, nicolae_gozag_conspicuous_consumption, temple_statues,
          minmay_misc_feat_chi, lightli_corner_chamber
D:7:      layout_cave_pools
D:8:      layout_rooms, mainiacjoe_overflow_concentric_impassable, serial_shops,
          shop, nicolae_shop_waterfront, shop, shop, shop, uniq_gastronok,
          uniq_maggie

Skill      XL: |  1  2  3 |
---------------+----------+-----
Necromancy     | 5 6 |  6.3
Spellcasting   | 4 |  4.8
Dodging        | |  2.5
Stealth        | |  2.5

Action                   |  1- 3 |  4- 6 || total
-------------------------+-------+-------++-------
 Cast: Necrotise         |    57 |    17 ||    74
Invok: Renounce Religion |       |     1 ||     1
  Use: Potion            |       |     1 ||     1
Armor: Robe              |     3 |     3 ||     6
Dodge: Dodged            |     6 |     8 ||    14
